 Dungeon Crawl Stone Soup version 0.30.0-15-g856e2d3f33 (webtiles) character file.

Game seed: 17633022860481500180

51 CaptainMV the Sneak (level 3, 0/28 HPs)
             Began as a Demonspawn Wanderer on May 18, 2023.
             Slain by an orc
             ... wielding a +0 mace
              (4 damage)
             ... on level 1 of the Dungeon.
             The game lasted 00:08:03 (866 turns).

CaptainMV the Sneak (Demonspawn Wanderer)            Turns: 866, Time: 00:08:04

Health: 0/28       AC:  6    Str: 14    XL:     3   Next: 57%
Magic:  3/3        EV:  9    Int: 12    God:
Gold:   66         SH:  0    Dex: 13    Spells: 2/2 levels left

rFire   . . .        a - +1 dagger (heavy)
rCold   . . .        (no shield)
rNeg    . . .        d - +0 scale mail
rPois   .            (no helmet)
rElec   .            (no cloak)
rCorr   .            (no gloves)
SInv    .            (no boots)
Will    .....        (no amulet)
Stlth   +            (no ring)
HPRegen 0.24/turn    (no ring)
MPRegen 0.08/turn

%: no passive effects
@: no status effects
A: spiny 1
a: no special abilities


You were on level 1 of the Dungeon.
You visited 1 branch of the dungeon, and saw 1 of its levels.

You collected 66 gold pieces.

Inventory:

Hand Weapons
 a - a +1 heavy dagger (weapon)
Missiles
 b - 2 atropa-tipped darts (quivered)
 c - 2 datura-tipped darts
Armour
 d - a +0 scale mail (worn)
Magical Staves
 h - a staff of conjuration
Scrolls
 e - a scroll of teleportation
 i - 2 scrolls of brand weapon
 l - a scroll of fog {unknown}
Potions
 f - a potion of mutation
 g - 2 potions of curing
 j - 2 potions of berserk rage {unknown}
 k - a potion of degeneration {unknown}


   Skills:
 + Level 2.3 Fighting
 + Level 1.3 Short Blades
 + Level 1.0 Throwing
 + Level 3.3 Armour
 + Level 0.3 Dodging
 + Level 3.8 Stealth


You had 2 spell levels left.
You didn't know any spells.
Your spell library was empty.

Dungeon Overview and Level Annotations

Branches:
Dungeon (1/15)

Altars:


Innate Abilities, Weirdness & Mutations

You are partially covered in sharp spines.


Message History

The orc hits you from afar with a +0 trident.
The orc is struck by your spines. The orc misses you.
You puncture the orc!
You kill the orc!
The orc barely misses you.
You hit the orc.
The orc is lightly wounded.
The orc closely misses you. x2; The orc barely misses you.
The orc hits you but does no damage.
You hit the orc.
The orc is moderately wounded.
The orc hits you but does no damage. x2
You hit the orc but do no damage.
The orc is moderately wounded.
The orc hits you but does no damage. The orc hits you with a +0 club.
You hit the orc but do no damage.
The orc is lightly wounded.
The orc hits you from afar with a +0 trident.
The orc hits you with a +0 club.
* * * LOW HITPOINT WARNING * * *
The orc hits you but does no damage. The orc closely misses you.
You feel better.
The orc hits you from afar with a +0 trident.
The orc misses you.
You hit the orc.
The orc is heavily wounded.
The orc barely misses you. The orc is struck by your spines.
You kill the orc!
You closely miss the orc.
The orc hits you from afar with a +0 trident.
* * * LOW HITPOINT WARNING * * *
The orc hits you but does no damage. The orc barely misses you.
The orc hits you but does no damage.
You hit the orc.
You kill the orc!
The orc hits you from afar with a +0 trident.
* * * LOW HITPOINT WARNING * * *
The orc attacks as you move away! The orc is struck by your spines.
The orc hits you with a +0 mace.
You die...

#......#.....#####....#...#.#####
.....##......8.#.#....#.....# #..
..#............rgoo...#...#.###.#
.#..##.##.....r.oo....#...#.....#
...#...#.....8o#.#.o..#...#######
.....#.....oo#####.o..#...#
....###...##oo## ....#...# #
...#..))#...#oo########...# #
##.....##.....go@.....)...# #
########################### #
###### ###....# #......#
##......# #.......# #......##


You could see 7 orcs and a hobgoblin.

Vanquished Creatures
  A dart slug (D:1)
  5 orcs (D:1)
  7 endoplasms (D:1)
  A giant cockroach (D:1)
  3 goblins (D:1)
  4 hobgoblins (D:1)
  2 jackals (D:1)
  2 quokkas (D:1)
  A ball python (D:1)
  2 bats (D:1)
  3 kobolds (D:1)
  8 rats (D:1)
39 creatures vanquished.

Notes
Turn   | Place    | Note
-------+----------+-------------------------------------------
     0 | D:1      | CaptainMV the Demonspawn Wanderer began the quest for the
                  | Orb.
     0 | D:1      | CaptainMV set off with the following items: a +1 dagger, 2
                  | atropa-tipped darts, 2 datura-tipped darts, a +0 scale
                  | mail, a scroll of teleportation.
     0 | D:1      | Reached XP level 1. HP: 16/16 MP: 1/1
    64 | D:1      | Gained mutation: You are partially covered in sharp spines.
                  | [demonic ancestry]
    64 | D:1      | Reached XP level 2. HP: 6/22 MP: 2/2
    65 | D:1      | Found a large runed translucent door.
    65 | D:1      | Found a large runed translucent door.
   451 | D:1      | Reached skill level 1 in Short Blades
   482 | D:1      | Reached XP level 3. HP: 25/27 MP: 3/3
   866 | D:1      | Slain by an orc

Illustrated notes

Levels and vault maps discovered:
D:1:      erik_arrival_cave_to_civilisation [erik_arrival_cave_to_temple],
          layout_basic

Skill      XL: |  1  2 |
---------------+-------+-----
Armour         | 3 |  3.3
Short Blades   | 1 |  1.3
Fighting       | |  2.3
Throwing       | |  1.0
Dodging        | |  0.3
Stealth        | |  3.8

Action                     || total
---------------------------++-------
  Melee: Dagger            ||    93
    Use: Scroll            ||     2
         Potion            ||     2
   Stab: Sleeping          ||     1
 Armour: Scale mail        ||    57
  Dodge: Dodged            ||    56
